 Dungeon Crawl Stone Soup version 0.28.0 (webtiles) character file.

Game seed: 17142921864592155097

635 ProzacElf the Covered (level 7, -3/53 HPs)
             Began as a Demonspawn Fighter on Feb 6, 2022.
             Was a Priest of Jiyva.
             Killed from afar by Dowan (21 damage)
             ... with a shard of ice
             ... on level 5 of the Dungeon on Feb 7, 2022.
             The game lasted 00:06:20 (3489 turns).

ProzacElf the Covered (Demonspawn Fighter)          Turns: 3489, Time: 00:06:20

Health: -3/53      AC:  9    Str: 16 (19) XL:     7   Next: 25%
Magic:  7/7        EV:  9    Int:  6 (9)  God:    Jiyva [***...]
Gold:   156        SH:  4    Dex: 11 (12) Spells: 6/6 levels left

rFire   . . .      SeeInvis .   a - +0 long sword
rCold   . . .      Faith    .   c - +0 buckler
rNeg    . . .      Spirit   .   b - +0 scale mail
rPois   .          Reflect  .   (helmet restricted)
rElec   .          Harm     .   (no cloak)
rCorr   +          Rampage  .   (no gloves)
Will    .....                   (no boots)
Stlth   ..........              (no amulet)
HPRegen 1.29/turn               (no ring)
MPRegen 0.45/turn               (no ring)

@: no status effects
A: horns 1, thin metallic scales 1, demonic guardian 1, foul stench 1
a: Renounce Religion, Oozemancy


You were on level 5 of the Dungeon.
You worshipped Jiyva.
Jiyva was most pleased with you.
You visited 1 branch of the dungeon, and saw 5 of its levels.

You collected 156 gold pieces.

Inventory:

Hand Weapons
 a - a +0 long sword (weapon)
 g - a +0 dagger of freezing
 h - a +0 fustibalus
 s - a +3 whip
Missiles
 l - 18 sling bullets
Armour
 b - a +0 scale mail (worn)
 c - a +0 buckler (worn)
 p - a +0 troll leather armour {Pargi}
Scrolls
 e - 2 scrolls of immolation {unknown}
 f - a scroll of enchant armour {unknown}
 i - a scroll of silence {unknown}
 j - a scroll of summoning {unknown}
 n - 3 scrolls of identify {unknown}
 r - a scroll of enchant weapon {unknown}
Potions
 d - 2 potions of might
 m - a potion of flight {unknown}
 o - a potion of degeneration


   Skills:
 + Level 3.7 Fighting
 - Level 5.0 Long Blades
 - Level 5.0 Armour
 + Level 1.9 Stealth
 + Level 3.3 Shields


You had 6 spell levels left.
You didn't know any spells.
Your spell library contained the following spells:

 Spells                   Type           Power      Damage    Failure   Level
 Slow                     Hex            0%         N/A       91%         1
 Confusing Touch          Hex            0%         N/A       100%        3
 Vampiric Draining        Necr           0%         2d6       100%        3
 Passage of Golubria      Tloc           0%         N/A       100%        4
 Silence                  Hex/Air        0%         N/A       100%        5
 Lehudib's Crystal Spear  Conj/Erth      0%         10d2      100%        8


Dungeon Overview and Level Annotations

Branches:
Dungeon (5/15)
 Temple: D:4-7

Altars:
Dithmenos
Elyvilon
Gozag
Vehumet
Jiyva

Annotations:
D:5 Dowan


Innate Abilities, Weirdness & Mutations

You have a pair of small horns on your head.
You are partially covered in thin metallic scales. (AC +2)
A weak demonic guardian rushes to your aid.
You may rarely emit foul miasma when damaged in melee.


Message History

Duvessa be 'ngulfed in dark miasma.
Duvessa looks as sick as possible!
Duvessa seems ta slow down.
Ye kill Duvessa!
Dowan's eyes dark'n. "Ye haf made a black mistake."
Dowan seems ta find hidd'n reserves o' power!
Dowan barely misses ye.
Ye regain'd 22 hp, an' now haf 34/53 hp.
Ye ar'n't carryin' any pieces o' jewellery.
Ye closely miss Dowan.
Dowan be lightly wounded.
Ye feel sick.
Dowan hits ye but does nay damage.
Ye take 1 damage, an' haf 33/53 hp.
Ye hit Dowan.
Dowan be moderately wounded.
Ye feel sick.
Dowan hits ye wit' a +0 dagger.
Dowan casts a spell at ye.
Tha stone arrow hits ye!!
* * * LOW HITPOINT WARNIN'
* * * Ye take 19 damage, an' haf 14/53 hp.
MASSIVE DAMAGE!!
Ye closely miss Dowan.
Dowan be moderately wounded.
Ye feel sick.
Dowan hits ye wit' a +0 dagger.
* * * LOW HITPOINT WARNIN'
* * * Dowan hits ye but does nay damage.
Ye take 3 damage, an' haf 11/53 hp.
Ye hit Dowan but do nay damage.
Dowan be moderately wounded.
Ye feel sick.
Dowan closely misses ye.
Dowan mumbles some strange words.
Dowan blinks!
Ye ar'n't carryin' any items tha ye can evoke.
It was a potion o' curin'.
Ye feel better.
Ye regain'd 10 hp, an' now haf 22/53 hp.
Dowan hits ye wit' a +0 dagger. x2
Ye take 6 damage, an' haf 16/53 hp.
Ye hit Dowan.
Ye headbutt Dowan.
Dowan be heavily wounded.
Dowan casts a spell at ye.
Tha shard o' ice hits ye!!
Ye die...

.......)..# ..........#
..........# ..........#
...##.....# ....##....#
..........###########.##
.....##............"....
..........#...).@e......
......##..###...........
†##...##................
.##.........##..........
............###.........
..........####..........
.##...##..#####.........
..##.##.................
..##...........##.......


You could see Dowan (fast).

Vanquished Creatures
  Duvessa (D:5)
  Pargi (D:3)
  2 necrophages (D:4)
  A phantom (D:4)
  2 scorpions
  An orc priest (D:2)
  An iguana (D:5)
  4 adders
  A worm (D:2)
  A dart slug (D:2)
  5 orcs
  2 bats
  5 endoplasms (D:2)
  2 giant cockroaches
  2 goblins
  4 hobgoblins
  8 ball pythons
  3 frilled lizards
  6 kobolds
  A rat (D:3)
53 creatures vanquished.

Vanquished Creatures (others)
  A jelly (D:4)
  Terence (D:3)
  A dart slug (D:3)
  An orc (D:4)
  2 goblins (D:3)
  A plant (D:4)
7 creatures vanquished.

Grand Total: 60 creatures vanquished

Notes
Turn   | Place    | Note
-------+----------+-------------------------------------------
     0 | D:1      | ProzacElf the Demonspawn Fighter began the quest for the
                  | Orb.
     0 | D:1      | Reached XP level 1. HP: 18/18 MP: 1/1
   926 | D:2      | Noticed an orc priest
   947 | D:2      | Killed an orc priest
   948 | D:2      | Gained mutation: A weak demonic guardian rushes to your
                  | aid. [demonic ancestry]
   948 | D:2      | Reached XP level 2. HP: 23/24 MP: 2/2
   948 | D:2      | Reached XP level 3. HP: 28/29 MP: 3/3
  1569 | D:2      | Gained mutation: You may rarely emit foul miasma when
                  | damaged in melee. [demonic ancestry]
  1569 | D:2      | Reached XP level 4. HP: 35/35 MP: 4/4
  2201 | D:3      | Found a faded altar of an unknown god.
  2209 | D:3      | Prayed at the altar of an unknown god.
  2209 | D:3      | Became a worshipper of Jiyva Jyurireu the Shapeless
  2209 | D:3      | Reached * piety under Jiyva
  2343 | D:3      | Found a radiant altar of Vehumet.
  2388 | D:3      | Found a shadowy altar of Dithmenos.
  2411 | D:3      | Noticed Pargi
  2425 | D:3      | Killed Pargi
  2426 | D:3      | Gained mutation: You are partially covered in thin metallic
                  | scales. (AC +2) [demonic ancestry]
  2426 | D:3      | Reached XP level 5. HP: 24/41 MP: 5/5
  2542 | D:3      | Killed Terence
  2617 | D:3      | Reached ** piety under Jiyva
  2641 | D:3      | Found an opulent altar of Gozag.
  3064 | D:4      | Noticed a necrophage
  3072 | D:4      | Killed a necrophage
  3073 | D:4      | Reached skill level 5 in Armour
  3073 | D:4      | Gained mutation: You have a pair of small horns on your
                  | head. [demonic ancestry]
  3073 | D:4      | Reached XP level 6. HP: 45/47 MP: 6/6
  3098 | D:4      | Reached *** piety under Jiyva
  3136 | D:4      | Reached skill level 5 in Long Blades
  3376 | D:5      | Entered Level 5 of the Dungeon
  3407 | D:5      | Reached skill level 1 in Stealth
  3421 | D:5      | Reached XP level 7. HP: 45/52 MP: 7/7
  3444 | D:5      | Noticed Dowan
  3445 | D:5      | Noticed Duvessa
  3482 | D:5      | Killed Duvessa
  3489 | D:5      | Killed from afar by Dowan

Illustrated notes

Levels and vault maps discovered:
D:1:      erik_arrival_blinker_ship, layout_loops_corners, hex_large
D:2:      kb_forest_paths, layout_basic
D:3:      layout_loops_corners, nicolae_gozag_seed_capital,
          mainiacjoe_overflow_catwalk_spiral,
          ebering_ecumenical_altar_abandoned, uniq_terence, uniq_pargi
D:4:      layout_cave_pools, elyvilon_altar_3, saegor_snake_ambush
D:5:      minmay_recursive_quarters, layout_cave_pools,
          mainiacjoe_overflow_paths, gammafunk_ghost_necromancy, uniq_sigmund,
          uniq_duvessa

Skill      XL: |  1  2  3  4  5  6 |
---------------+-------------------+-----
Long Blades    | 2 3 4 5 |  5.0
Armour         | 3 4 5 |  5.0
Stealth        | 1 |  1.9
Shields        | 3 |  3.3
Fighting       | |  3.7

Action                   |  1- 3 |  4- 6 |  7- 9 || total
-------------------------+-------+-------+-------++-------
Melee: Long sword        |    66 |   121 |    11 ||   198
       Headbutt          |       |     9 |     2 ||    11
  Use: Potion            |       |       |     3 ||     3
Armor: Scale mail        |    31 |    56 |     5 ||    92
Dodge: Dodged            |    29 |    56 |     7 ||    92
Block: Buckler           |    17 |    34 |     3 ||    54
